 Dungeon Crawl Stone Soup version 0.27-a0-650-g8dd3ea4f36 (webtiles) character file.

Game seed: 7699594554905202015

78 Anon1729 the Skirmisher (level 4, -1/40 HPs)
             Began as a Draconian Fighter on Mar 15, 2021.
             Slain by Sigmund
             ... wielding a +1 scythe of protection
              (13 damage)
             ... on level 2 of the Dungeon.
             The game lasted 00:01:25 (2540 turns).

Anon1729 the Skirmisher (Draconian Fighter)         Turns: 2540, Time: 00:01:25

Health: -1/40      AC:  5    Str: 20    XL:     4   Next: 15%
Magic:  0/4        EV: 10    Int:  8    God:
Gold:   95         SH:  9    Dex: 10    Spells: 3/3 levels left

rFire    . . .     SeeInvis .   a - +0 long sword
rCold    . . .     Faith    .   b - +0 kite shield
rNeg     . . .     Spirit   +   (armour unavailable)
rPois    .         Reflect  .   (helmet restricted)
rElec    .         Harm     .   (no cloak)
rCorr    .         Rampage  .   (no gloves)
Will     .....                  (no boots)
Stlth    +.........             l - amulet of guardian spirit
HPRegen  0.13/turn              (no ring)
MPRegen  0.09/turn              (no ring)

@: no status effects
A: AC +5, unfitting armour, cold-blooded
a: no special abilities


You were on level 2 of the Dungeon.
You visited 1 branch of the dungeon, and saw 2 of its levels.

You collected 95 gold pieces.

Inventory:

Hand Weapons
 a - a +0 long sword (weapon)
Armour
 b - a +0 kite shield (worn)
Jewellery
 l - an amulet of guardian spirit (around neck)
Scrolls
 d - 3 scrolls of teleportation {unknown}
 f - a scroll of blinking {unknown}
 h - a scroll of enchant armour {unknown}
 k - 2 scrolls of magic mapping {unknown}
 m - 2 scrolls of identify {unknown}
Potions
 c - a potion of might
 e - a potion of mutation {unknown}
 g - a potion of ambrosia {unknown}
 i - 2 potions of curing {unknown}
 j - a potion of attraction {unknown}
 n - a potion of flight {unknown}


   Skills:
 + Level 4.0 Fighting
 + Level 2.7 Long Blades
 + Level 3.2 Dodging
 + Level 3.5 Shields


You had 3 spell levels left.
You didn't know any spells.
Your spell library was empty.

Dungeon Overview and Level Annotations

Branches:
Dungeon (2/15)

Altars:
Elyvilon

Annotations:
D:2 Sigmund


Innate Abilities, Weirdness & Mutations

Your plain brown scales are hard. (AC +5)
You cannot fit into any form of body armour.
You are cold-blooded and may be slowed by cold attacks.


Message History

Found 18 stones.
There is an open door here.
You now have 95 gold pieces (gained 11).
Found a pair of boots.
No target in view!
You see here a +0 pair of boots.
You open the door.
There is an open door here.
There is an open door here.
You see here a +0 hunting sling.
There is an open door here.
There is an open door here.
Sigmund the Dreaded comes into view.
He is wielding a +1 scythe of protection.
Sigmund shouts!
Sigmund gestures at himself while chanting.
Sigmund flickers and vanishes!
Deactivating autopickup; reactivate with Ctrl-A.
There is a strange disturbance nearby!
There is a strange disturbance nearby!
There is a strange disturbance nearby!
No target in view!
You block something's attack.
You barely miss something. You block something's attack. Something hits you.
You slash something! Something hits you.
You closely miss something. You block something's attack. Something hits you!
You hit something but do no damage. You tail-slap something.
You block something's attack.
You barely miss something.
Your tail-slap misses something.
Something hits you!
You miss something.
Your tail-slap misses something.
Something hits you but does no damage. Something hits you.
You closely miss something.
Your tail-slap misses something.
Something hits you.
You hear some strange, mumbled words.
A magic dart appears from out of thin air!
The magic dart hits you.
* * * LOW HITPOINT WARNING * * *
You hit something but do no damage.
Your tail-slap misses something.
You block something's attack.
You miss something. Something hits you!
You die...

#.# #.# #........#
###.####.# ####.######.#
......##.### ##.##.#### #.#
###.#.##.#.## #........# #.#
#)#.##>...####.##.##.# #.#
###.#.............#.##.###.#
..#.......[.####.##........#
#.########.## ########.#####
#.# #.# #.@{...#.# ..# #.#
#.####.#.# ..# ##'## #.#
#.#.## ..#
##...###.####..#.## .##
##.....##.##...###.# .##
##.......#.##.#..#.##
..####..........##.....##
.....'.............<...#
..####)...............##


There were no monsters in sight!

Vanquished Creatures
  2 adders (D:2)
  3 worms (D:2)
  2 dart slugs (D:1)
  2 leopard geckos
  6 bats
  A giant cockroach (D:2)
  5 goblins
  5 hobgoblins (D:1)
  2 jackals (D:1)
  A quokka (D:2)
  3 frilled lizards
  6 kobolds
  10 rats
48 creatures vanquished.

Notes
Turn   | Place    | Note
-------+----------+-------------------------------------------
     0 | D:1      | Anon1729 the Draconian Fighter began the quest for the Orb.
     0 | D:1      | Reached XP level 1. HP: 19/19 MP: 1/1
   375 | D:1      | Reached XP level 2. HP: 25/26 MP: 2/2
  1065 | D:1      | Reached XP level 3. HP: 33/33 MP: 3/3
  2080 | D:2      | Reached skill level 4 in Fighting
  2080 | D:2      | Reached XP level 4. HP: 35/40 MP: 2/4
  2120 | D:2      | Found a white marble altar of Elyvilon.
  2530 | D:2      | Noticed Sigmund
  2540 | D:2      | Slain by Sigmund

Illustrated notes

Levels and vault maps discovered:
D:1:      dpeg_arrival_court, layout_loops_corners, minmay_misc_feat_pillars
D:2:      layout_loops_corners, elyvilon_altar_1, uniq_sigmund

Skill      XL: |  1  2  3 |
---------------+----------+-----
Dodging        | 3 |  3.2
Fighting       | 4 |  4.0
Long Blades    | |  2.7
Shields        | |  3.5

Action                   |  1- 3 |  4- 6 || total
-------------------------+-------+-------++-------
Melee: Long sword        |   128 |    24 ||   152
       Tailslap          |    11 |     1 ||    12
 Stab: Sleeping          |     2 |     1 ||     3
Armor: Skin              |    39 |     8 ||    47
Dodge: Dodged            |    51 |     4 ||    55
Block: Kite shield       |    70 |    12 ||    82
       Rpst.: Long sword |    13 |     1 ||    14

Table legend: (Time is in decaauts)
 A = Elapsed time spent in this place.
 B = Non-inter-level travel time spent in this place.
 C = Inter-level travel time spent in this place.
 D = Time resting spent in this place.
 E = Time spent auto-exploring this place.
 F = Levels seen in this place.
 G = Mean time per level.
                   A        B        C        D        E       F      G
               +--------+--------+--------+--------+--------+-----+--------+
         Total |   2617 |   2585 |     32 |    176 |   2042 |   2 | 1308.5 |
       Dungeon |   2617 |   2585 |     32 |    176 |   2042 |   2 | 1308.5 |
               +--------+--------+--------+--------+--------+-----+--------+

Top non-repeatable levels by time:
     D:1: 1542 daAuts
     D:2: 1075 daAuts
